 Dungeon Crawl Stone Soup version 0.17-a0-1558-g9d24de5 (webtiles) character file.

106 noobfaggot the Ruffian (level 4, -5/45 HPs)
             Began as a Troll Chaos Knight on July 20, 2015.
             Slain by an orc
             ... wielding a +0 flail
              (8 damage)
             ... on level 3 of the Dungeon.
             The game lasted 00:06:25 (1508 turns).

noobfaggot the Ruffian (Troll Chaos Knight)         Turns: 1508, Time: 00:06:27

Health: -5/45      AC:  7    Str: 20    XL:     4   Next: 55%
Magic:  3/3        EV: 10    Int: 13    God:    Xom [.*....]
Gold:   173        SH:  0    Dex: 13    Spells: 0 memorised, 3 levels left

rFire  . . .     SeeInvis .       - Unarmed
rCold  . . .     Clarity  .     a - +2 robe
rNeg   . . .     SustAt   .     (no shield)
rPois  .         Gourm    +     (helmet restricted)
rElec  .         Spirit   .     (no cloak)
rCorr  .         Warding  .     (gloves unavailable)
rMut   .         Stasis   .     (boots unavailable)
MR     .....                    (no amulet)
Stlth  +.........               (no ring)
                                d - +3 ring of dexterity

@: brilliant, not resistant to hostile enchantments, very unstealthy
A: unfitting armour, claws 3, fast metabolism 3, gourmand, regeneration 2,
shaggy fur 1, tough skin 2
a: Renounce Religion


You were on level 3 of the Dungeon.
You worshipped Xom.
You were a plaything of Xom.
You were full.

You visited 1 branch of the dungeon, and saw 3 of its levels.

You collected 173 gold pieces.

Inventory:

Armour
 a - a +2 robe (worn)
Jewellery
 d - a +3 ring of dexterity (left claw)
 f - an uncursed ring of protection from cold {unknown}
Scrolls
 e - a scroll of fear {unknown}
 i - 2 scrolls of identify {unknown}
 j - 2 scrolls of remove curse {unknown}
 l - a scroll of amnesia {unknown}
Comestibles
 b - 2 bread rations
 g - 5 fruits
 h - a beef jerky
 k - a meat ration
 n - a chunk of flesh


   Skills:
 + Level 3.2 Fighting
 + Level 2.7 Dodging
 + Level 4.0 Unarmed Combat


You had 3 spell levels left.
You didn't know any spells.

Dungeon Overview and Level Annotations

Branches:
Dungeon (3/15)

Altars:


Innate Abilities, Weirdness & Mutations

You are too large for most types of armour.
You have claws for hands.
Your metabolism is lightning-fast.
You like to eat raw meat.
You heal very quickly.
You are covered in fur (AC +1).
You have very tough skin (AC +2).


Message History

The orc barely misses you. The orc hits you with a short sword.
* * * LOW HITPOINT WARNING * * *
Drink which item? (? for menu, Esc to quit)
It was a potion of curing.
You feel better. The orc hits you but does no damage.
The orc barely misses you. The orc closely misses you.
You don't know any spells.
You don't know any spells.
Read which item? (? for menu, Esc to quit)
Okay, then.
Read which item? (? for menu, Esc to quit)
As you read the scroll labeled MAECOOM NEDGH, it crumbles to dust.
It is a scroll of enchant weapon.
You aren't carrying any weapons that can be enchanted.
The orc hits you with a short sword.
* * * LOW HITPOINT WARNING * * *
The orc hits you.
* * * LOW HITPOINT WARNING * * *
The orc hits you with a flail!
You die...

#####......#........
................>.......
#####......#............
###......#......<.....
###..)..................
........................
###.....................
......#.####....o.......
#####.#.####(...@o......
........)..#....oo......
...........#...$........
....^......#............
...........#............
...........#............
...........#............
...........#............
...........#


You could see 4 orcs.

Vanquished Creatures
  An orc wizard (D:3)
  3 adders (D:2)
  An ooze (D:1)
  2 giant geckos
  A bat (D:3)
  3 giant cockroaches
  6 goblins
  7 hobgoblins
  2 giant newts
  7 jackals
  6 kobolds
  6 rats
  2 bushes (D:2)
47 creatures vanquished.

Vanquished Creatures (others)
  3 jackals (D:2)
3 creatures vanquished.

Grand Total: 50 creatures vanquished

Notes
Turn   | Place    | Note
--------------------------------------------------------------
     0 | D:1      | noobfaggot the Troll Chaos Knight began the quest for the Orb.
     0 | D:1      | Reached XP level 1. HP: 22/22 MP: 0/0
    62 | D:1      | XOM: potion effect (haste)
   183 | D:1      | Reached XP level 2. HP: 19/29 MP: 1/1
   263 | D:1      | XOM: cast spell 'Summon Butterflies'
   382 | D:2      | XOM: destruction
   386 | D:2      | Reached XP level 3. HP: 31/36 MP: 2/2
   447 | D:2      | XOM: confusion (+ monsters)
   478 | D:2      | XOM: colour smoke trail
   737 | D:2      | XOM: colour smoke trail
  1204 | D:3      | Reached XP level 4. HP: 42/45 MP: 3/3
  1469 | D:3      | XOM: noise
  1505 | D:3      | Reached skill level 4 in Unarmed Combat
  1508 | D:3      | Slain by an orc

Vault maps used:
D:1:      dpeg_arrival_pits
D:2:      serial_forest, infiniplex_forest_lined_ring,
          infiniplex_forest_corner_1, infiniplex_forest_end_3,
          infiniplex_forest_clump_small, infiniplex_forest_straight_4,
          infiniplex_forest_zigzag_1, infiniplex_forest_clump_cross,
          grunt_ministairs_2
D:3:      first_bread, kennysheep_generic_room_9

Action                   |  1- 3 |  4- 6 || total
-------------------------+-------+-------++-------
Melee: Unarmed           |   208 |    26 ||   234
  Use: Potion            |       |     2 ||     2
       Scroll            |       |     1 ||     1
  Eat: Chunk             |    12 |     5 ||    17
